 Dungeon Crawl Stone Soup version 0.25-a0-942-g87a53962fc (webtiles) character file.

Game seed: 3175871619954313351, levelgen mode: deterministic

202 MisterFreud the Slasher (level 5, 0/37 HPs)
             Began as an Octopode Gladiator on May 7, 2020.
             Slain by an orc wizard
             ... wielding a +0 dagger
              (3 damage)
             ... on level 3 of the Dungeon.
             The game lasted 00:04:45 (3126 turns).

MisterFreud the Slasher (Octopode Gladiator)        Turns: 3126, Time: 00:04:46

Health: 0/37       AC:  1    Str: 14    XL:     5   Next: 80%
Magic:  5/5        EV: 14    Int: 11    God:
Gold:   90         SH:  0    Dex: 13    Spells: 4/4 levels left

rFire    + . .     SeeInvis .   a - +0 long sword
rCold    + . .     Gourm    .   (no shield)
rNeg     . . .     Faith    .   b - +0 hat
rPois    +         Spirit   .   (no amulet)
rElec    +         Reflect  .   (no ring)
rCorr    +         Harm     .   (no ring)
MR       .....                  (no ring)
Stlth    ++........             (no ring)
HPRegen  0.12/turn              (no ring)
MPRegen  0.09/turn              (no ring)
                                (no ring)
                                (no ring)

@: resistant, hasted, very quick
A: almost no armour, stealthy swim, amphibious, 8 rings, constrict 8, camouflage
1, gelatinous body 1
a: no special abilities


You were on level 3 of the Dungeon.
You were not hungry.

You visited 1 branch of the dungeon, and saw 3 of its levels.

You collected 90 gold pieces.

Inventory:

Hand Weapons
 a - a +0 long sword (weapon)
Missiles
 c - 4 throwing nets (quivered)
 h - 78 stones
 l - 8 arrows
 n - 5 poisoned darts
 p - 6 javelins
 s - 18 bolts
Armour
 b - a +0 hat (worn)
Scrolls
 f - 4 scrolls of remove curse {unknown}
 i - a scroll of immolation {unknown}
 j - a scroll of teleportation {unknown}
 k - a scroll of blinking {unknown}
 m - 2 scrolls of identify {unknown}
 q - a scroll of fear {unknown}
 r - 2 scrolls of magic mapping {unknown}
Potions
 t - a potion of heal wounds {unknown}
Comestibles
 d - 4 rations
 u - 3 chunks of flesh


   Skills:
 - Level 4.0 Fighting
 + Level 5.2 Long Blades
 - Level 2.0 Throwing
 - Level 3.0 Dodging


You had 4 spell levels left.
You didn't know any spells.
Your spell library was empty.

Dungeon Overview and Level Annotations

Branches:
Dungeon (3/15)

Altars:
Dithmenos
Sif Muna


Innate Abilities, Weirdness & Mutations

You cannot wear most types of armour.
You are very stealthy in the water. (Stealth+)
You are amphibious.
You can wear up to eight rings at the same time.
You can use your tentacles to constrict eight enemies at once.
Your skin changes colour to match your surroundings (Stealth+).
Your rubbery body absorbs attacks. (AC +1, EV +1)


Message History

* * * LOW HITPOINT WARNING * * *
The weapon returns to the orc!
Something hits you but does no damage.
Unknown command.
You feel better.
You hear some strange, mumbled words.
A magic dart appears from out of thin air!
The magic dart hits you.
* * * LOW HITPOINT WARNING * * *
You aren't carrying any items that you can evoke.
Unknown command.
Unknown command.
Unknown command.
It was a potion of resistance.
You feel protected.
The orc throws a boomerang.
The boomerang hits you.
* * * LOW HITPOINT WARNING * * *
The weapon returns to the orc!
Unknown command.
It was a potion of haste.
You feel yourself speed up. Something hits you.
You die...

#...........).....##
#...
#...#.......).....#
.#...
#####.............#
.....
#.............####..
....(.
##.................
......
#.............###
#...#.
#..........)...#
.....
#..............#
..##.
#.......##.@.o.# .
#..
##.....[..)#)....#
>...
##...#............
.....
###........)..#..
.....
#...............
.....
#.#..........#< ...
#..#............ .
.. #..........#. . .


You could see an orc.

Vanquished Creatures
  An orc priest (D:3)
  4 gnolls
  5 adders
  An ooze (D:2)
  2 dart slugs
  A leopard gecko (D:1)
  8 orcs (D:3)
  6 bats
  3 giant cockroaches
  6 goblins
  6 hobgoblins
  10 jackals
  8 kobolds
  6 frilled lizards
  8 rats
75 creatures vanquished.

Notes
Turn   | Place    | Note
-------+----------+-------------------------------------------
     0 | D:1      | MisterFreud the Octopode Gladiator began the quest for the
                  | Orb.
     0 | D:1      | Reached XP level 1. HP: 14/14 MP: 1/1
   118 | D:1      | Reached XP level 2. HP: 20/20 MP: 2/2
   356 | D:1      | Reached XP level 3. HP: 26/26 MP: 3/3
  1300 | D:2      | Reached XP level 4. HP: 28/33 MP: 4/4
  2068 | D:2      | Found a shimmering blue altar of Sif Muna.
  2529 | D:3      | Reached skill level 4 in Long Blades
  2546 | D:3      | Reached XP level 5. HP: 21/37 MP: 5/5
  2566 | D:3      | Found a shadowy altar of Dithmenos.
  2984 | D:3      | Reached skill level 5 in Long Blades
  3126 | D:3      | Slain by an orc wizard

Levels and vault maps discovered:
D:1:      lightli_arrival_farm, layout_basic
D:2:      layout_basic, first_ration, chequers_serial_rivers_room_b,
          led_sif_pool
D:3:      layout_rooms, nicolae_dithmenos_through_a_glass_darkly

Skill      XL: |  1  2  3  4  5 |
---------------+----------------+-----
Fighting       | 3 4 |  4.0
Long Blades    | 4 5 |  5.2
Throwing       | |  2.0
Dodging        | |  3.0

Action                   |  1- 3 |  4- 6 || total
-------------------------+-------+-------++-------
Melee: Long sword        |    55 |    70 ||   125
       Tentacles         |    18 |    16 ||    34
       Constrict         |    16 |    22 ||    38
  Use: Potion            |       |     6 ||     6
 Stab: Sleeping          |     5 |     3 ||     8
       Distracted        |     1 |       ||     1
  Eat: Chunk             |     1 |     6 ||     7
Armor: Skin              |     4 |     5 ||     9
Dodge: Dodged            |    45 |    62 ||   107
       Rpst.: Long sword |    14 |    14 ||    28

Table legend:
 A = Non-vault XP
 B = Vault XP
 C = Vault XP percentage of total XP
 D = Non-vault monster count
 E = Vault monster count
 F = Vault count percentage of total count
                 A         B        C        D         E       F
            +---------+---------+-------+---------+---------+-------
      Total |     289 |       0 |   0.0 |      75 |       0 |   0.0
            +---------+---------+-------+---------+---------+-------
        D:1 |      65 |       0 |   0.0 |      31 |       0 |   0.0
        D:2 |      75 |       0 |   0.0 |      21 |       0 |   0.0
        D:3 |     149 |       0 |   0.0 |      23 |       0 |   0.0
            +---------+---------+-------+---------+---------+-------
